 Dungeon Crawl Stone Soup version 0.21.1-1-g345015f (webtiles) character file.

226 johnjohn the Chopper (level 5, -1/53 HPs)
             Began as a Troll Berserker on May 27, 2018.
             Was an Initiate of Yredelemnul.
             Slain by a polar bear (7 damage)
             ... created by the rage of Trog
             ... on level 4 of the Dungeon.
             The game lasted 00:10:35 (2977 turns).

johnjohn the Chopper (Troll Berserker)              Turns: 2977, Time: 00:10:36

Health: -1/53      AC:  5    Str: 25    XL:     5   Next: 69%
Magic:  0/4        EV: 10    Int:  4    God:    Yredelemnul [......]
Gold:   150        SH:  0    Dex:  9    Spells: 4/4 levels left

rFire    . . .     SeeInvis .   y - +1 war axe
rCold    . . .     Gourm    +   (no shield)
rNeg     . . .     Faith    .   b - +0 animal skin
rPois    .         Spirit   +   (helmet restricted)
rElec    .         Reflect  .   (no cloak)
rCorr    .         Harm     .   (gloves unavailable)
MR       .....                  (boots unavailable)
Stlth    +.........             h - amulet of guardian spirit
HPRegen  0.57/turn              n - ring of wizardry
MPRegen  0.09/turn              (no ring)

@: no status effects
A: large, unfitting armour, claws 3, fast metabolism 3, gourmand, regeneration
1, shaggy fur 1, tough skin 2
a: Renounce Religion


You were on level 4 of the Dungeon.
You worshipped Yredelemnul.
Yredelemnul was noncommittal.
You were hungry.

You visited 1 branch of the dungeon, and saw 4 of its levels.

You collected 150 gold pieces.

Inventory:

Hand Weapons
 a - a +0 hand axe
 y - a +1 war axe (weapon)
Armour
 b - a +0 animal skin (worn)
Jewellery
 e - an uncursed amulet of the gourmand
 h - an amulet of guardian spirit (around neck)
 n - a ring of wizardry (left claw)
 t - an uncursed ring of protection from fire {unknown}
 u - an uncursed ring of wizardry
 v - an uncursed ring of flight {unknown}
Wands
 q - a wand of polymorph (4)
Scrolls
 d - a scroll of remove curse {unknown}
 f - 2 scrolls of teleportation {unknown}
 g - a scroll of noise {unknown}
 i - 2 scrolls of enchant weapon
 k - 3 scrolls of identify
 l - a scroll of immolation {unknown}
 o - a scroll of fear {unknown}
 w - a scroll of magic mapping {unknown}
 x - 2 scrolls of amnesia {unknown}
Potions
 j - a potion of heal wounds
 m - a potion of resistance {unknown}
 p - a potion of lignification {unknown}
 r - a potion of haste {unknown}
 s - a potion of curing {unknown}
Comestibles
 c - 3 rations


   Skills:
 + Level 3.3 Fighting
 + Level 4.1 Axes
 + Level 3.3 Dodging
 + Level 0.2 Stealth


You had 4 spell levels left.
You didn't know any spells.

Dungeon Overview and Level Annotations

Branches:
Dungeon (4/15)
 Temple: D:4-7

Altars:
Yredelemnul

Annotations:
D:4 bmj180's ghost, amateur HOFi


Innate Abilities, Weirdness & Mutations

You are too large for most types of armour.
You have claws for hands.
Your metabolism is lightning-fast.
You like to eat raw meat.
Your natural rate of healing is unusually fast.
You are covered in fur. (AC +1)
You have very tough skin. (AC +2)


Message History

Trog sends monsters to punish you.
The divine experience drains your vigour!
You feel yourself slow down. 4 polar bears and a black bear come into view.
You feel yourself speed up. The polar bear bites you!!
The polar bear claws you. x2
The polar bear closely misses you. x2; The polar bear claws you.
The polar bear misses you. The polar bear closely misses you.
The polar bear claws you but does no damage.
The polar bear misses you. The polar bear barely misses you.
The polar bear claws you! The polar bear bites you!
* * * LOW HITPOINT WARNING * * *
The polar bear claws you but does no damage.
The polar bear claws you.
* * * LOW HITPOINT WARNING * * *
The polar bear barely misses you.
The polar bear claws you but does no damage.
The polar bear claws you!
You die...
Your body rises from the dead as a mindless zombie.

#. ###..........
#.###............
.................
.......).............
.....................
#....................
.......hh...............
.......hh...............
..####.@h...............
. #.^...........?....
##..........# #....
##..........## #...
##....#......# #..
##....###....<# #.<
##...### ##...## #.. .
###...## #....# #..
....#.....# #...## #..


You could see 4 polar bears and a black bear (berserk).

Vanquished Creatures
  A bullfrog (D:4)
  2 hounds (D:4)
  3 adders
  An ooze (D:1)
  A worm (D:2)
  A dart slug (D:1)
  A leopard gecko (D:1)
  10 bats
  9 giant cockroaches
  6 goblins
  8 hobgoblins
  5 jackals (D:2)
  4 kobolds
  A quokka (D:4)
  A ball python (D:1)
  3 frilled lizards
  5 rats
  A spectral orc (D:3)
63 creatures vanquished.

Notes
Turn   | Place    | Note
-------+----------+-------------------------------------------
     0 | D:1      | johnjohn the Troll Berserker began the quest for the Orb.
     0 | D:1      | Reached XP level 1. HP: 22/22 MP: 0/0
   237 | D:1      | Reached XP level 2. HP: 29/29 MP: 1/1
   354 | D:1      | Reached ** piety under Trog
   419 | D:1      | Reached XP level 3. HP: 36/36 MP: 2/2
   588 | D:1      | Reached skill level 3 in Axes
  1178 | D:2      | Reached XP level 4. HP: 44/44 MP: 3/3
  2207 | D:3      | Found a basalt altar of Yredelemnul.
  2216 | D:3      | Fell from the grace of Trog
  2216 | D:3      | Became a worshipper of Yredelemnul the Dark
  2528 | D:3      | Paralysed by Trog for 5 turns
  2763 | D:4      | Noticed a bullfrog
  2819 | D:4      | Reached XP level 5. HP: 49/53 MP: 4/4
  2820 | D:4      | Noticed bmj180's ghost (amateur HOFi)
  2921 | D:4      | Reached skill level 4 in Axes
  2975 | D:4      | Noticed a polar bear
  2975 | D:4      | Noticed a polar bear
  2975 | D:4      | Noticed a polar bear
  2975 | D:4      | Noticed a black bear
  2975 | D:4      | Noticed a polar bear
  2977 | D:4      | Slain by a polar bear

Skill      XL: |  1  2  3  4  5 |
---------------+----------------+-----
Axes           | 3 4 |  4.1
Fighting       | 3 |  3.3
Dodging        | 3 |  3.3
Stealth        | |  0.2

Action                   |  1- 3 |  4- 6 || total
-------------------------+-------+-------++-------
Melee: Hand axe          |   117 |    88 ||   205
       War axe           |       |    31 ||    31
Evoke: Wand              |       |     1 ||     1
  Use: Scroll            |       |     2 ||     2
 Stab: Sleeping          |     1 |       ||     1
  Eat: Chunk             |    16 |     8 ||    24
Armor: Animal skin       |    79 |    50 ||   129
Dodge: Dodged            |   102 |    97 ||   199
